 Dungeon Crawl Stone Soup version 0.22.1-1-ga44c0e56f4 (webtiles) character file.

729 Nixze the Firebug (level 7, -1/36 HPs)
             Began as a Gargoyle Fire Elementalist on Nov 1, 2018.
             Shot with an arrow by a centaur (4 damage)
             ... on level 5 of the Dungeon.
             The game lasted 00:12:06 (5115 turns).

Nixze the Firebug (Gargoyle Fire Elementalist)      Turns: 5115, Time: 00:12:07

Health: -1/36      AC:  9    Str: 10 (11) XL:     7   Next: 73%
Magic:  13/13      EV: 12    Int: 17 (18) God:
Gold:   241        SH:  4    Dex:  9 (10) Spells: 10/14 levels left

rFire    . . .     SeeInvis .   b - +3 short sword (holy)
rCold    . . .     Gourm    .   k - +0 buckler (curse)
rNeg     + . .     Faith    .   a - +1 robe
rPois    ∞         Spirit   .   (no helmet)
rElec    +         Reflect  .   r - +0 cloak (curse)
rCorr    .         Harm     .   m - +0 pair of gloves
MR       .....                  (no boots)
Stlth    ++........             (no amulet)
HPRegen  0.12/turn              (no ring)
MPRegen  0.13/turn              (no ring)

@: no status effects
A: negative energy resistance 1, electricity resistance, unbreathing,
petrification resistance, rot immunity, AC +4
a: no special abilities


You were on level 5 of the Dungeon.
You were not hungry.

You visited 1 branch of the dungeon, and saw 5 of its levels.

You collected 241 gold pieces.

Inventory:

Hand Weapons
 b - a +3 short sword of holy wrath (weapon)
Armour
 a - a +1 robe (worn)
 k - a cursed +0 buckler (worn)
 m - a +0 pair of gloves (worn)
 r - a cursed +0 cloak (worn)
Wands
 j - a wand of iceblast (18)
Scrolls
 g - a scroll of random uselessness {unknown}
 h - a scroll of amnesia
 l - a scroll of enchant armour
 o - 2 scrolls of identify
Potions
 d - 2 potions of magic {unknown}
 e - 3 potions of haste
 f - 3 potions of curing {unknown}
 n - a potion of invisibility {unknown}
 p - a potion of lignification {unknown}
 q - a potion of heal wounds {unknown}
 s - a potion of berserk rage {unknown}
Comestibles
 c - 5 rations


   Skills:
 - Level 1.5 Dodging
 - Level 2.1 Stealth
 * Level 3.8 Shields
 + Level 4.2 Spellcasting
 + Level 4.5 Conjurations
 + Level 5.2 Fire Magic


You had 10 spell levels left.
You knew the following spells:

 Your Spells              Type           Power        Failure   Level  Hunger
a - Flame Tongue          Conj/Fire      ###..        1%          1    None
b - Conjure Flame         Conj/Fire      ###.....     6%          3    ###....

Your spell library contained the following spells:

 Spells                   Type           Power        Failure   Level  Hunger
 Throw Flame              Conj/Fire      ###...       3%          2    ##.....
 Inner Flame              Hex/Fire       ##......     16%         3    ###....
 Sticky Flame             Conj/Fire      ###.....     21%         4    ####...
 Fireball                 Conj/Fire      ###.......   50%         5    ######.


Dungeon Overview and Level Annotations

Branches:
Dungeon (5/15)
 Temple: D:4-7

Altars:
Ru
Sif Muna
Yredelemnul
The Shining One


Innate Abilities, Weirdness & Mutations

You are resistant to torment.
Your stone body is resilient. (AC +4)
You are immune to poison.
You resist negative energy. (rN+)
You are resistant to electric shocks. (rElec)
You can survive without breathing.
You are immune to petrification.
You are immune to rotting.


Message History

You barely miss the crimson imp.
A centaur comes into view.
The crimson imp hits you but does no damage.
The centaur shouts!
You hit the crimson imp but do no damage.
The crimson imp hits you but does no damage.
The centaur wields a shortbow.
The centaur shoots an arrow.
The arrow hits you!
You closely miss the crimson imp. You block the crimson imp's attack.
The centaur shoots an arrow.
The arrow hits you!
* * * LOW HITPOINT WARNING * * *
You are too injured to fight recklessly!
You are too injured to fight recklessly!
The crimson imp blinks!
The centaur shoots an arrow.
The arrow hits you!
* * * LOW HITPOINT WARNING * * *
You see here an arrow.
It was a potion of degeneration.
There was something very wrong with that liquid.
You feel weakened.
You feel dopey.
You feel clumsy.
The centaur shoots an arrow.
The arrow hits you.
You die...

#.# #.# ##.#### #
#.....# #. #.....# #
###.###.?...##.#
............c..#
......§(@.....#
#####.##.........#
#.....<....#####....
#...................
#..........##..... .
#>.........##.%###
#.......5......#
######.#.....##
#####.##...##


You could see a centaur and a crimson imp.

Vanquished Creatures
  An ogre (D:4)
  A water moccasin skeleton (D:4)
  2 crimson imps
  An orc priest (D:3)
  2 hounds
  2 orc wizards (D:4)
  An iguana (D:4)
  3 worker ants (D:4)
  10 gnolls
  2 adders
  4 worms
  4 dart slugs
  2 leopard geckos
  15 orcs
  10 bats
  7 giant cockroaches
  10 goblins
  10 hobgoblins
  17 jackals
  2 quokkas
  4 ball pythons
  3 frilled lizards
  A jackal skeleton (D:4)
  8 kobolds
  A leopard gecko skeleton (D:4)
  A quokka zombie (D:5)
  11 rats
135 creatures vanquished.

Notes
Turn   | Place    | Note
-------+----------+-------------------------------------------
     0 | D:1      | Nixze the Gargoyle Fire Elementalist began the quest for
                  | the Orb.
     0 | D:1      | Reached XP level 1. HP: 10/10 MP: 3/3
   185 | D:1      | Reached XP level 2. HP: 15/15 MP: 0/5
   571 | D:1      | Reached XP level 3. HP: 17/19 MP: 1/6
  1348 | D:2      | Learned a level 3 spell: Conjure Flame
  1413 | D:2      | Reached XP level 4. HP: 24/24 MP: 4/8
  1769 | D:2      | Found a sacrificial altar of Ru.
  1944 | D:2      | Found a basalt altar of Yredelemnul.
  1974 | D:2      | Noticed a profane servitor
  1988 | D:2      | Found a glowing golden altar of the Shining One.
  2429 | D:2      | Noticed an angel
  2661 | D:3      | Reached skill level 4 in Fire Magic
  2661 | D:3      | Reached XP level 5. HP: 28/28 MP: 9/9
  3114 | D:3      | Reached XP level 6. HP: 32/32 MP: 9/11
  3230 | D:3      | Reached skill level 1 in Shields
  3551 | D:3      | Found a deep blue altar of Sif Muna.
  4134 | D:4      | Reached XP level 7. HP: 15/36 MP: 0/12
  4465 | D:4      | Reached skill level 5 in Fire Magic
  5024 | D:5      | Entered Level 5 of the Dungeon
  5115 | D:5      | Shot with an arrow by a centaur

Skill      XL: |  1  2  3  4  5  6  7 |
---------------+----------------------+-----
Conjurations   | 2 3 4 |  4.5
Spellcasting   | 3 4 |  4.2
Fire Magic     | 4 5 |  5.2
Shields        | 2 3 |  3.8
Dodging        | |  1.5
Stealth        | |  2.1

Action                   |  1- 3 |  4- 6 |  7- 9 || total
-------------------------+-------+-------+-------++-------
Melee: Unarmed           |     2 |       |       ||     2
       Short sword       |    21 |    32 |    19 ||    72
 Cast: Flame Tongue      |    65 |   147 |    46 ||   258
       Conjure Flame     |       |       |     1 ||     1
  Use: Scroll            |       |     8 |     1 ||     9
       Potion            |       |       |     1 ||     1
  Eat: Chunk             |     2 |     8 |     4 ||    14
Armor: Robe              |     9 |    34 |     8 ||    51
Dodge: Dodged            |    35 |    77 |    16 ||   128
Block: Buckler           |       |     6 |     3 ||     9
